AoeStats
← chewie1706

Oasis

507642667Analyzed
2v2 RM · 12d ago on Sep 19, 2026· 46m 23s· 4 players
Game mode
Random Map
Map size
Medium (4 player)
Population
200
Speed
Normal
Resources
Standard
Victory
Conquest
Starting age
Dark Age
Ending age
Imperial Age
RankedLock teamsTeams togetherTeam positionsShared explorationLock speedFull tech treeHidden civsTurbo modeCheats
Victory
Defeat
🇫🇷 Persians · France
1500
+13
🇨🇭 Hindustanis · Switzerland
1354
+19
🇲🇽 Romans · Mexico
1421
-16
🇲🇽 Cumans · Mexico
1420
-16
Tormentum
11:05 Feudal Age
9:22 Loom
11:08 Man-at-Arms
12:48 Scale Mail Armor
18:37 Double-Bit Axe
20:15 Horse Collar
21:21 Forging
22:16 Wheelbarrow
26:17 Castle Age
26:01 Fletching
26:20 Long Swordsman
27:44 Chain Mail Armor
27:31 Squires
30:16 Iron Casting
30:37 Pikeman
33:58 Heavy Plow
39:29 Hand Cart
42:26 Gold Mining
42:27 Stone Mining
47:32 Imperial Age
noryb.drol
6:37 Loom
9:20 Feudal Age
25:09 Castle Age
23:55 Fletching
25:52 Bodkin Arrow
25:18 Crossbowman
27:35 Wheelbarrow
28:48 Double-Bit Axe
28:52 Horse Collar
29:52 Scale Barding Armor
29:53 Gold Mining
30:35 Bloodlines
33:51 Hand Cart
35:29 Chain Barding Armor
35:46 Forging
36:39 Gold Shaft Mining
38:10 Iron Casting
41:27 Bow Saw
43:53 Imperial Age
41:28 Capped Ram
42:14 Padded Archer Armor
47:03 Imperial Age
AGS.Grimnel
7:02 Loom
9:01 Feudal Age
12:48 Double-Bit Axe
16:09 Horse Collar
26:32 Castle Age
24:49 Fletching
35:24 Bow Saw
37:15 Wheelbarrow
45:02 Caravan
chewie1706
6:10 Loom
9:11 Feudal Age
9:16 Man-at-Arms
9:44 Double-Bit Axe
12:23 Horse Collar
17:01 Wheelbarrow
20:52 Castle Age
21:26 Heavy Plow
25:33 Scale Barding Armor
25:50 Bloodlines
25:40 Husbandry
26:44 Chain Barding Armor
28:29 Husbandry
28:54 Forging
31:22 Gold Mining
33:19 Bow Saw
35:09 Town Watch
36:08 Iron Casting
37:21 Gold Shaft Mining
36:36 Stone Mining
39:29 Imperial Age
40:24 Plate Barding Armor
39:10 Cavalier
42:03 Blast Furnace
40:33 Savar
42:51 Fletching
44:04 Chemistry
44:03 Hand Cart
46:03 Bodkin Arrow
46:26 Fervor
47:26 Two-Man Saw
46:57 Crop Rotation
Connection lost

Rejoining the realm…

Still unreachable

The connection could not be restored.

Session expired

The server has moved on; the page needs a fresh start.